Map: Automaton LE

Players

Lambo - Winner!

  • Race: Zerg Zerg
  • League: Master
  • Spawn Location: 3:00

Rail

  • Race: Protoss Protoss
  • League: Grandmaster
  • Spawn Location: 9:00

Event: 2019 WCS Winter Europe

VOD

Have the link to the VOD?

Description

Time

  • Played on: March 24, 2019, 10:52 a.m.
  • Length: 9:04

All games in this series

Show
View Real Time Build Order
Export as new Build Order

Lambo Zerg - Winner!

Build Orders: Hatch First, Roach Hydra 

Get SALT Encoding   

  12  0:01  Drone  
  13  0:13  Overlord  
  13  0:17  Drone  
  14  0:31  Drone x2  
  16  0:49  Hatchery  
  15  0:52  Drone  
  15  0:56  Drone  
  17  0:59  Drone  
  18  1:10  Extractor  
  17  1:15  Spawning Pool  
  17  1:18  Drone  
  17  1:21  Drone  
  18  1:29  Drone  
  19  1:42  Drone  
  20  1:53  Overlord  
  20  2:01  Queen x2  
  20  2:02  Zergling x2  
  20  2:03  Zergling x2  
  26  2:11  Metabolic Boost  
  26  2:12  Drone  
  26  2:14  Drone  
  28  2:22  Drone  
  29  2:26  Drone  
  30  2:37  Hatchery  
  30  2:40  Drone  
  30  2:43  Drone  
  31  2:45  Drone  
  31  2:50  Overlord  
  32  2:55  Drone  
  32  2:57  Drone  
  34  3:02  Queen  
  35  3:11  Drone x2  
  35  3:12  Drone x2  
  39  3:13  Drone  
  39  3:17  Overlord  
  39  3:19  Drone  
  41  3:21  Drone  
  41  3:25  Spore Crawler  
  41  3:26  Drone  
  42  3:28  Drone  
  43  3:40  Drone x2  
  45  3:42  Queen, Drone x2  
  45  3:47  Drone x2  
  51  3:50  Overlord  
  51  3:52  Spore Crawler  
  50  3:56  Drone  
  50  4:01  Drone  
  52  4:03  Roach Warren  
  52  4:04  Drone  
  52  4:06  Spore Crawler  
  52  4:08  Queen  
  53  4:12  Drone x2  
  53  4:14  Overlord  
  53  4:15  Drone x2  
  58  4:21  Drone x2  
  58  4:22  Drone  
  61  4:24  Lair  
  61  4:28  Drone x2  
  63  4:33  Drone x2  
  63  4:35  Extractor  
  63  4:36  Roach Warren  
  63  4:37  Extractor, Drone  
  63  4:39  Overlord  
  63  4:44  Drone x2  
  65  4:45  Overlord  
  65  4:47  Drone x2  
  65  4:48  Drone  
  66  4:54  Drone x2  
  66  4:57  Drone x2  
  66  4:59  Drone x3  
  71  5:00  Queen  
  71  5:03  Drone x2  
  71  5:05  Drone  
  71  5:07  Extractor, Drone  
  75  5:11  Extractor x2  
  74  5:16  Drone x2  
  74  5:19  Overlord  
  76  5:21  Glial Reconstitution  
  76  5:23  Hydralisk Den  
  76  5:25  Evolution Chamber, Drone x3  
  77  5:33  Drone  
  78  5:37  Roach x2  
  78  5:38  Roach x3, Pneumatized Carapace  
  78  5:39  Overseer  
  88  5:48  Hatchery  
  87  5:50  Overlord x3  
  87  5:53  Zerg Missile Weapons Level 1  
  87  5:55  Muscular Augments  
  87  5:57  Hydralisk  
  87  6:01  Overlord  
  87  6:04  Overlord  
  89  6:07  Overlord  
  89  6:11  Hydralisk x2  
  89  6:12  Hydralisk x4  
  89  6:17  Hydralisk x2  
  105  6:24  Hydralisk x2  
  105  6:25  Roach x2  
  113  6:31  Hydralisk x2  
  113  6:32  Roach  
  118  6:36  Overlord  
  118  6:37  Hydralisk  
  118  6:38  Roach  
  122  6:46  Nydus Network, Drone  
  122  6:55  Hatchery  
  122  7:00  Roach x3  
  127  7:02  Roach x2, Zergling x4  
  127  7:08  Roach x3  
  139  7:09  Zergling x2  
  139  7:11  Overlord  
  140  7:17  Overlord  
  140  7:18  Overlord x2  
  140  7:20  Grooved Spines  
  140  7:26  Overlord  
  140  7:32  Nydus Canal  
  140  7:33  Roach x3  
  140  7:34  Hydralisk  
  140  7:35  Hydralisk  
  140  7:36  Hydralisk  
  152  7:39  Hydralisk, Overlord  
  154  7:49  Nydus Canal  
  154  7:52  Hydralisk x2  
  154  7:53  Roach x2  
  154  7:56  Hydralisk x2  
  154  7:57  Roach  
  161  7:59  Hydralisk  
  161  8:00  Roach  
  161  8:02  Hydralisk  
Show
View Real Time Build Order
Export as new Build Order

Rail Protoss 

Build Orders: 1 Gate Expand, Oracle Opening, Zealot Archon 

Get SALT Encoding   

  12  0:00  Probe  
  13  0:13  Probe  
  14  0:20  Pylon  
  14  0:25  Probe  
  15  0:34  Probe  
  15  0:41  Gateway  
  15  0:42  Probe  
  16  0:48  Assimilator  
  17  0:53  Probe  
  18  1:05  Probe  
  19  1:17  Probe  
  20  1:26  Nexus  
  20  1:37  Cybernetics Core  
  21  1:40  Probe  
  21  1:45  Assimilator  
  21  1:52  Probe  
  22  1:55  Pylon  
  22  2:04  Probe  
  23  2:16  Stargate, Probe  
  24  2:25  Stalker  
  24  2:28  Probe  
  27  2:34  Probe  
  27  2:35  Warp Gate  
  27  2:36  Probe  
  27  2:42  Probe  
  29  2:44  Probe  
  31  2:52  Oracle, Probe  
  31  2:54  Probe  
  33  3:04  Probe  
  37  3:06  Zealot  
  37  3:09  Probe  
  40  3:14  Pylon  
  40  3:17  Probe  
  40  3:19  Oracle  
  41  3:21  Probe  
  41  3:23  Gateway  
  42  3:29  Probe  
  42  3:33  Probe  
  47  3:41  Assimilator, Probe  
  48  3:45  Probe  
  48  3:47  Oracle  
  49  3:52  Pylon  
  49  3:53  Probe  
  50  3:57  Probe  
  54  4:03  Assimilator  
  54  4:04  Forge  
  54  4:10  Probe x2  
  54  4:12  Pylon  
  56  4:18  Phoenix  
  56  4:22  Probe  
  57  4:28  Probe  
  60  4:32  Adept x2  
  60  4:34  Probe  
  60  4:36  Robotics Facility  
  65  4:40  Probe  
  65  4:43  Protoss Ground Weapons Level 1  
  66  4:46  Probe  
  67  4:53  Probe  
  67  4:59  Probe  
  69  5:06  Pylon  
  69  5:09  Nexus  
  69  5:12  Twilight Council  
  69  5:14  Probe  
  70  5:19  Pylon  
  70  5:24  Probe  
  70  5:25  Sentry, Shield Battery  
  70  5:26  Immortal, Probe  
  78  5:34  Pylon  
  78  5:37  Probe  
  78  5:38  Probe  
  80  5:43  Pylon  
  80  5:47  Gateway  
  80  5:49  Probe  
  81  5:50  Probe, Gateway  
  81  5:55  Charge  
  82  5:57  Probe  
  82  5:58  Probe  
  82  5:59  Templar Archives  
  84  6:06  Observer, Gateway  
  84  6:07  Probe  
  84  6:09  Probe  
  84  6:11  Gateway  
  86  6:18  Probe  
  87  6:20  Sentry  
  87  6:24  Probe  
  87  6:25  Assimilator  
  91  6:29  Gateway  
  91  6:30  Assimilator  
  91  6:36  Protoss Ground Weapons Level 2  
  91  6:37  Stalker, Gateway  
  93  6:45  Stalker x2  
  99  6:54  Immortal  
  99  6:58  Gateway  
  99  6:59  Gateway  
  101  7:07  Pylon  
  101  7:08  High Templar x2  
  103  7:09  Pylon  
  103  7:15  Archon  
  105  7:21  Photon Cannon  
  105  7:22  High Templar x2  
  109  7:25  Zealot  
  109  7:26  Archon  
  109  7:28  Zealot  
  113  7:30  Pylon  
  113  7:32  Pylon  
  113  7:35  Zealot x2  
  117  7:42  Zealot x2  
  121  7:50  Zealot x2  
  129  7:51  Immortal  
  112  7:59  Zealot x2  
  112  8:00  Zealot  
Tags
 
Add a new tag
Caveats
  • Supply blocks, unpowered buildings, or Contaminate may cause inaccurate times.
  • Supply counts are checked every 10 seconds.